3AAA
MONONGAHELA MONSTERS @ PENNSAUKEN FLYERS
08/23/2042
 
TOP OF THE 1ST
Monongahela Monsters batting - Pitching for Pennsauken Flyers : RHP Maks Rajnev
Pitching: RHP Maks Rajnev
Batting: RHB Colt Allen 0-0: Ball
1-0: Called Strike
1-1: Hit by Pitch
Batting: RHB Li-ren Ku 0-0: Ball
Colt Allen steals 2nd base (no throw)
1-0: Swinging Strike
1-1: Ball
2-1: Fly out, F8 (Flyball, 8LS, EV 89.4 MPH)
Batting: LHB Royce Foster 0-0: Called Strike
0-1: Ball
1-1: Ball
2-1: Foul Ball, location: 2F
2-2: Ball
3-2: Strikes out looking
Batting: LHB George Runnalls 0-0: Ball
1-0: Called Strike
1-1: Swinging Strike
1-2: Fly out, F8 (Flyball, 8LD, EV 100.0 MPH)
Top of the 1st over - 0 runs, 0 hits, 0 errors, 1 left on base; Monongahela 0 - Pennsauken 0
BOTTOM OF THE 1ST
Pennsauken Flyers batting - Pitching for Monongahela Monsters : RHP Ean Somoza
Pitching: RHP Ean Somoza
Batting: LHB Rafael Barrueco 0-0: Swinging Strike
0-1: Ball
1-1: Called Strike
1-2: Foul Ball, location: 2F
1-2: Foul Ball, location: 2F
1-2: Foul Ball, location: 2F
1-2: Strikes out looking
Batting: LHB Xiao-gang Qing 0-0: Foul Ball, location: 2F
0-1: Ball
1-1: Ball
2-1: Ground out 3-1 (Groundball, 34, EV 91.2 MPH)
Batting: RHB Mike Case 0-0: Ball
1-0: Foul Ball, location: 2F
1-1: Ball
2-1: Ball
3-1: Foul Ball, location: 2F
3-2: Foul Ball, location: 2F
3-2: Foul Ball, location: 2F
3-2: Foul Ball, location: 2F
3-2: SINGLE (Line Drive, 56, EV 106.9 MPH)
Batting: LHB Ethan Duffy 0-0: Called Strike
0-1: Ball
1-1: Ball
2-1: SINGLE (Line Drive, 8LS, EV 91.2 MPH)
Mike Case to second
Runner from 2nd tries for 3rd, OUT! 8-5
Bottom of the 1st over - 0 runs, 2 hits, 0 errors, 1 left on base; Monongahela 0 - Pennsauken 0
TOP OF THE 2ND
Monongahela Monsters batting - Pitching for Pennsauken Flyers : RHP Maks Rajnev
Batting: RHB Richello Oliva 0-0: Ball
1-0: Ball
2-0: Swinging Strike
2-1: Ball
3-1: Base on Balls
Batting: RHB Román García 0-0: SINGLE (Flyball, 8LS, EV 90.6 MPH)
Richello Oliva to second
Batting: SHB Roger Dorn 0-0: Ball
1-0: Ball
2-0: Ball
3-0: Base on Balls
Richello Oliva to third
Román García to second
Batting: RHB Roger Snodgrass 0-0: Ball
1-0: Ball
2-0: Ball
3-0: Called Strike
3-1: Called Strike
3-2: Foul Ball, location: 2F
3-2: Base on Balls
Richello Oliva scores
Román García to third
Roger Dorn to second
Batting: RHB Shao Qigang 0-0: Swinging Strike
0-1: Foul Ball, location: 2F
0-2: Strikes out swinging
Batting: RHB Colt Allen 0-0: Ball
1-0: Fly out, F8 (Line Drive, 8RM, EV 108.1 MPH)
Runner from 3rd tags up, SCORES, throw by CF
Batting: RHB Li-ren Ku 0-0: Called Strike
0-1: Ground out 3-1 (Groundball, 34, EV 90.0 MPH)
Top of the 2nd over - 2 runs, 1 hit, 0 errors, 2 left on base; Monongahela 2 - Pennsauken 0
BOTTOM OF THE 2ND
Pennsauken Flyers batting - Pitching for Monongahela Monsters : RHP Ean Somoza
Batting: RHB Ruby Rhod 0-0: Ball
1-0: Ball
2-0: Foul Ball, location: 2F
2-1: Foul Ball, location: 2F
2-2: Ball
3-2: Foul Ball, location: 2F
3-2: Foul Ball, location: 2F
3-2: Base on Balls
Batting: RHB Bras Castanheta 0-0: Ball
1-0: Called Strike
1-1: Ball
2-1: Ball
3-1: Swinging Strike
3-2: Foul Ball, location: 2F
3-2: Fielders Choice at 2nd, 6-4 (Groundball, 6, EV 80.0 MPH)
Batting: RHB Dana O'Quinlevan 0-0: Fly out, F8 (Line Drive, 8RD, EV 85.6 MPH)
Batting: RHB Adam Wiltern 0-0: Ball
1-0: Ball
2-0: Foul Ball, location: 2F
2-1: Swinging Strike
2-2: Hit by Pitch
Bras Castanheta to second
Batting: SHB Mikk Tamm 0-0: Ball
1-0: Ball
2-0: Called Strike
2-1: Ball
3-1: Called Strike
3-2: Base on Balls
Bras Castanheta to third
Adam Wiltern to second
Batting: LHB Rafael Barrueco 0-0: Foul Ball, location: 2F
0-1: SINGLE (Flyball, 89S, EV 96.2 MPH)
Bras Castanheta scores
Adam Wiltern to third
Mikk Tamm to second
Runner from 3rd tries for Home, SAFE, throw by RF to home
Batting: LHB Xiao-gang Qing 0-0: Called Strike
0-1: Ball
1-1: Foul Ball, location: 2F
1-2: Strikes out swinging
Bottom of the 2nd over - 2 runs, 1 hit, 0 errors, 2 left on base; Monongahela 2 - Pennsauken 2
TOP OF THE 3RD
Monongahela Monsters batting - Pitching for Pennsauken Flyers : RHP Maks Rajnev
Batting: LHB Royce Foster 0-0: Called Strike
0-1: Called Strike
0-2: Ball
1-2: Ball
2-2: SINGLE (Groundball, 3D, EV 95.0 MPH)
Batting: LHB George Runnalls 0-0: Ball
1-0: Ball
2-0: Ball
3-0: Base on Balls
Royce Foster to second
Batting: RHB Richello Oliva 0-0: Swinging Strike
0-1: Ball
1-1: Swinging Strike
1-2: Fly out, F9 (Flyball, 9S, EV 84.4 MPH)
Batting: RHB Román García 0-0: Ball
1-0: Called Strike
1-1: Ball
2-1: Foul Ball, location: 2F
2-2: Ball
3-2: Base on Balls
Royce Foster to third
George Runnalls to second
Batting: SHB Roger Dorn 0-0: Ball
1-0: Foul Ball, location: 2F
1-1: Swinging Strike
1-2: SINGLE (Line Drive, 8RS, EV 95.6 MPH)
Royce Foster scores
George Runnalls to third
Román García to second
Runner from 3rd tries for Home, throw by CF and OUT! 8-2
Batting: RHB Roger Snodgrass 0-0: Ball
1-0: Called Strike
1-1: Ball
2-1: Foul Ball, location: 2F
2-2: Foul Ball, location: 2F
2-2: Strikes out swinging
Top of the 3rd over - 1 run, 2 hits, 0 errors, 2 left on base; Monongahela 3 - Pennsauken 2
BOTTOM OF THE 3RD
Pennsauken Flyers batting - Pitching for Monongahela Monsters : RHP Ean Somoza
Batting: RHB Mike Case 0-0: Ball
1-0: Ball
2-0: SINGLE (Line Drive, 89M, EV 99.4 MPH)
Batting: LHB Ethan Duffy 0-0: Ball
1-0: Called Strike
Mike Case steals 2nd base
1-1: Foul Ball, location: 2F
1-2: Ball
2-2: Strikes out looking
Batting: RHB Ruby Rhod 0-0: Ball
1-0: Fly out, F7 (Line Drive, 8LM, EV 85.0 MPH)
Batting: RHB Bras Castanheta 0-0: Fly out, F7 (Flyball, 78D, EV 93.1 MPH)
Bottom of the 3rd over - 0 runs, 1 hit, 0 errors, 1 left on base; Monongahela 3 - Pennsauken 2
TOP OF THE 4TH
Monongahela Monsters batting - Pitching for Pennsauken Flyers : RHP Maks Rajnev
Batting: RHB Shao Qigang 0-0: Ball
1-0: Foul Ball, location: 2F
1-1: SINGLE (Groundball, 34D, EV 99.4 MPH)
Batting: RHB Colt Allen 0-0: Swinging Strike
0-1: Swinging Strike
0-2: Ball
1-2: Ball
2-2: Strikes out swinging
Batting: RHB Li-ren Ku 0-0: Fly out, F8 (Line Drive, 8LM, EV 93.1 MPH)
Batting: LHB Royce Foster 0-0: Ball
1-0: Foul Ball, location: 2F
1-1: Called Strike
1-2: Fly out, F9 (Flyball, 9, EV 75.0 MPH)
Top of the 4th over - 0 runs, 1 hit, 0 errors, 1 left on base; Monongahela 3 - Pennsauken 2
BOTTOM OF THE 4TH
Pennsauken Flyers batting - Pitching for Monongahela Monsters : RHP Ean Somoza
Batting: RHB Dana O'Quinlevan 0-0: Called Strike
0-1: Swinging Strike
0-2: Ball
1-2: Foul Ball, location: 2F
1-2: Foul Ball, location: 2F
1-2: Ball
2-2: Strikes out swinging
Batting: RHB Adam Wiltern 0-0: Ball
1-0: Ball
2-0: Ball
3-0: Called Strike
3-1: SINGLE (Line Drive, 89S, EV 109.4 MPH)
Batting: SHB Mikk Tamm 0-0: Ball
Adam Wiltern is caught stealing 2nd base 2-6
1-0: Called Strike
1-1: Swinging Strike
1-2: Strikes out looking
Bottom of the 4th over - 0 runs, 1 hit, 0 errors, 0 left on base; Monongahela 3 - Pennsauken 2
TOP OF THE 5TH
Monongahela Monsters batting - Pitching for Pennsauken Flyers : RHP Maks Rajnev
Batting: LHB George Runnalls 0-0: Ball
1-0: Foul Ball, location: 2F
1-1: Fly out, F8 (Line Drive, 8LM, EV 88.1 MPH)
Batting: RHB Richello Oliva 0-0: Ball
1-0: Foul Ball, location: 2F
1-1: Foul Ball, location: 2F
1-2: Strikes out swinging
Batting: RHB Román García 0-0: Ball
1-0: DOUBLE (Groundball, 5L, EV 97.5 MPH)
Batting: SHB Roger Dorn 0-0: Called Strike
0-1: Ball
1-1: Ball
2-1: SINGLE (Flyball, 34D, EV 90.0 MPH)
Román García to third
Runner from 3rd tries for Home, throw by RF and OUT! 9-2
Top of the 5th over - 0 runs, 2 hits, 0 errors, 1 left on base; Monongahela 3 - Pennsauken 2
BOTTOM OF THE 5TH
Pennsauken Flyers batting - Pitching for Monongahela Monsters : RHP Ean Somoza
Batting: LHB Rafael Barrueco 0-0: Ball
1-0: Swinging Strike
1-1: Foul Ball, location: 2F
1-2: Ball
2-2: Foul Ball, location: 2F
2-2: Strikes out looking
Batting: LHB Xiao-gang Qing 0-0: Ball
1-0: Ball
2-0: Called Strike
2-1: Ball
3-1: Called Strike
3-2: Strikes out looking
Pitching: LHP Alfredo Córdova
Batting: RHB Mike Case 0-0: Ball
1-0: Ball
2-0: Ground out 3-1 (Groundball, 34, EV 100.6 MPH)
Bottom of the 5th over - 0 runs, 0 hits, 0 errors, 0 left on base; Monongahela 3 - Pennsauken 2
TOP OF THE 6TH
Monongahela Monsters batting - Pitching for Pennsauken Flyers : RHP Maks Rajnev
Batting: RHB Roger Snodgrass 0-0: Foul Ball, location: 2F
0-1: Foul Ball, location: 2F
0-2: Ball
1-2: SOLO HOME RUN (Line Drive, 78XD, EV 102.5 MPH), Distance : 394 ft
Batting: RHB Shao Qigang 0-0: Ball
1-0: Ball
2-0: SINGLE (Line Drive, 7S, EV 107.5 MPH)
Batting: RHB Colt Allen 0-0: Sac Bunt to 13 - play at first, batter OUT! 1-3
Shao Qigang to second
Batting: RHB Li-ren Ku 0-0: Called Strike
0-1: Ball
1-1: Fly out, F7 (Flyball, 78S, EV 91.2 MPH)
Pitching: RHP José Salazar
Batting: LHB Royce Foster 0-0: Called Strike
0-1: Ball
1-1: Called Strike
1-2: Ball
2-2: DOUBLE (Line Drive, 7LM, EV 112.5 MPH)
Shao Qigang scores
Batting: LHB George Runnalls 0-0: Ball
1-0: Ball
2-0: Ball
3-0: Called Strike
3-1: Base on Balls
Batting: RHB Richello Oliva 0-0: Fly out, F8 (Line Drive, 8LM, EV 85.6 MPH)
Top of the 6th over - 2 runs, 3 hits, 0 errors, 2 left on base; Monongahela 5 - Pennsauken 2
BOTTOM OF THE 6TH
Pennsauken Flyers batting - Pitching for Monongahela Monsters : LHP Alfredo Córdova
Batting: LHB Ethan Duffy 0-0: SOLO HOME RUN (Flyball, 8RXD, EV 95.0 MPH), Distance : 429 ft
Batting: RHB Ruby Rhod 0-0: Ball
1-0: Swinging Strike
1-1: Ball
2-1: DOUBLE (Line Drive, 9LS, EV 97.5 MPH)
Batting: RHB Bras Castanheta 0-0: Ball
Wild Pitch!
Ruby Rhod to third
1-0: Fly out, F8 (Flyball, 89M, EV 91.9 MPH)
Runner from 3rd tags up, SCORES, throw by CF
Batting: RHB Dana O'Quinlevan 0-0: Fly out, F7 (Flyball, 7, EV 92.5 MPH)
Batting: RHB Adam Wiltern 0-0: Ball
1-0: DOUBLE (Line Drive, 78XD, EV 109.4 MPH)
Batting: SHB Mikk Tamm 0-0: Ball
1-0: Called Strike
1-1: Called Strike
1-2: Foul Ball, location: 2F
1-2: Strikes out swinging
Bottom of the 6th over - 2 runs, 3 hits, 0 errors, 1 left on base; Monongahela 5 - Pennsauken 4
TOP OF THE 7TH
Monongahela Monsters batting - Pitching for Pennsauken Flyers : RHP José Salazar
Batting: RHB Román García 0-0: Called Strike
0-1: SINGLE (Line Drive, 78S, EV 108.1 MPH)
Batting: SHB Roger Dorn 0-0: Bunted foul
0-1: Ball
1-1: Sac Bunt - play at second, runner OUT -> throw to first, DP!
Batting: RHB Roger Snodgrass 0-0: Ball
1-0: Ball
2-0: Hit by Pitch
Batting: RHB Shao Qigang 0-0: Hit by Pitch
Roger Snodgrass to second
Batting: RHB Colt Allen 0-0: Hit by Pitch, AND HE CHARGES THE MOUND! The benches clear!
Roger Snodgrass to third
Shao Qigang to second
Pitching: RHP Suhaila Zainuddin
Pinch Runner at 1st Ron Carlisle:
Batting: RHB Li-ren Ku 0-0: SINGLE (Line Drive, 6MD, EV 98.8 MPH)
Roger Snodgrass scores
Shao Qigang to third
Ron Carlisle to second
Runner from 3rd tries for Home, SAFE, no throw by CF
Batting: LHB Royce Foster 0-0: Called Strike
0-1: Ball
1-1: Ball
2-1: Fly out, F8 (Line Drive, 8RD, EV 102.5 MPH)
Top of the 7th over - 2 runs, 2 hits, 0 errors, 2 left on base; Monongahela 7 - Pennsauken 4
BOTTOM OF THE 7TH
Pennsauken Flyers batting - Pitching for Monongahela Monsters : LHP Alfredo Córdova
Now in RF: Ramiro Palmeiro
Batting: LHB Rafael Barrueco 0-0: Called Strike
0-1: Ground out 4-3 (Groundball, 4, EV 89.4 MPH)
Batting: LHB Xiao-gang Qing 0-0: Swinging Strike
0-1: Ground out 4-3 (Groundball, 34D, EV 91.2 MPH)
Batting: RHB Mike Case 0-0: SINGLE (Groundball, 56D, EV 100.0 MPH)
Batting: LHB Ethan Duffy 0-0: Called Strike
0-1: Ball
1-1: Ball
2-1: Ball
3-1: Foul Ball, location: 2F
3-2: 2-RUN HOME RUN (Flyball, 78XD, EV 91.2 MPH), Distance : 414 ft
Pitching: RHP Mike Davidson
Batting: RHB Ruby Rhod 0-0: Fly out, F8 (Flyball, 89D, EV 97.5 MPH)
Bottom of the 7th over - 2 runs, 2 hits, 0 errors, 0 left on base; Monongahela 7 - Pennsauken 6
TOP OF THE 8TH
Monongahela Monsters batting - Pitching for Pennsauken Flyers : RHP Suhaila Zainuddin
Batting: LHB George Runnalls 0-0: Called Strike
0-1: Ball
1-1: Ground out 6-3 (Groundball, 6, EV 84.4 MPH)
Batting: RHB Richello Oliva 0-0: Ball
1-0: Swinging Strike
1-1: Ground out 1-3 (Groundball, 23, EV 64.4 MPH)
Batting: RHB Román García 0-0: Foul Ball, location: 2F
0-1: Ball
1-1: Ball
2-1: Ball
3-1: Foul Ball, location: 2F
3-2: SINGLE (Groundball, 6D, EV 110.6 MPH)
Batting: SHB Roger Dorn 0-0: Ball
1-0: Called Strike
Román García steals 2nd base
1-1: Ground out U3 (Groundball, 3S, EV 71.2 MPH)
Top of the 8th over - 0 runs, 1 hit, 0 errors, 1 left on base; Monongahela 7 - Pennsauken 6
BOTTOM OF THE 8TH
Pennsauken Flyers batting - Pitching for Monongahela Monsters : RHP Mike Davidson
Batting: RHB Bras Castanheta 0-0: Called Strike
0-1: Foul Ball, location: 2F
0-2: Ball
1-2: Fly out, F8 (Flyball, 8RS, EV 88.1 MPH)
Batting: RHB Dana O'Quinlevan 0-0: Called Strike
0-1: Foul Ball, location: 2F
0-2: Ball
1-2: Ball
2-2: Strikes out swinging
Batting: RHB Adam Wiltern 0-0: Fly out, F9 (Flyball, 9LS, EV 96.9 MPH)
Bottom of the 8th over - 0 runs, 0 hits, 0 errors, 0 left on base; Monongahela 7 - Pennsauken 6
TOP OF THE 9TH
Monongahela Monsters batting - Pitching for Pennsauken Flyers : RHP Suhaila Zainuddin
Batting: RHB Roger Snodgrass 0-0: Foul Ball, location: 2F
0-1: Ball
1-1: Ground out 6-3 (Groundball, 6, EV 105.6 MPH)
Batting: RHB Shao Qigang 0-0: Ball
1-0: Ball
2-0: Ball
3-0: Called Strike
3-1: Fly out, F8 (Flyball, 8RD, EV 106.9 MPH)
Batting: LHB Ramiro Palmeiro 0-0: Ball
1-0: Called Strike
1-1: Swinging Strike
1-2: Strikes out swinging
Top of the 9th over - 0 runs, 0 hits, 0 errors, 0 left on base; Monongahela 7 - Pennsauken 6
BOTTOM OF THE 9TH
Pennsauken Flyers batting - Pitching for Monongahela Monsters : RHP Mike Davidson
Pinch Hitting: LHB Robby Caldwell 0-0: Ball
1-0: Ball
2-0: Foul Ball, location: 2F
2-1: Called Strike
2-2: Ground out 4-3 (Groundball, 4, EV 80.0 MPH)
Batting: LHB Rafael Barrueco 0-0: Ball
1-0: Foul Ball, location: 2F
1-1: Foul Ball, location: 2F
1-2: Ball
2-2: SINGLE (Flyball, 7LS, EV 95.0 MPH)
Batting: LHB Xiao-gang Qing 0-0: Called Strike
0-1: Swinging Strike
0-2: Ball
1-2: Strikes out looking
Batting: RHB Mike Case 0-0: Ball
1-0: Called Strike
1-1: Ball
2-1: Foul Ball, location: 2F
2-2: Foul Ball, location: 2F
2-2: Ground out 4-3 (Groundball, 34, EV 97.5 MPH)
Bottom of the 9th over - 0 runs, 1 hit, 0 errors, 1 left on base; Monongahela 7 - Pennsauken 6
Friday, March 26th, 2021 - OOTP Baseball 20.8 Build 74